 Dungeon Crawl Stone Soup version 0.28.0-62-gf88900778d (webtiles) character file.

Game seed: 12193103113986858848

238 infinitevox the Bolt Thrower (level 5, -6/37 HPs)
             Began as a Demonspawn Wanderer on May 2, 2023.
             Was a Believer of Vehumet.
             Killed by nerve-wracking pain
             ... invoked by Grinder
              (10 damage)
             ... while paralysed by Grinder
             ... on level 3 of the Dungeon.
             The game lasted 00:10:57 (2340 turns).

infinitevox the Bolt Thrower (Demonspawn Wanderer)  Turns: 2340, Time: 00:10:57

Health: -6/37      AC:  9    Str: 15    XL:     5   Next: 78%
Magic:  6/6        EV:  2    Int: 11    God:    Vehumet [**....]
Gold:   73         SH:  0    Dex: 14    Spells: 5/6 levels left

rFire   . . .      SeeInvis .   k - +1 dagger (venom)
rCold   . . .      Faith    .   (no shield)
rNeg    . . .      Spirit   .   t - +2 ring mail {rPois}
rPois   +          Reflect  .   o - +0 helmet
rElec   .          Harm     .   (no cloak)
rCorr   .          Rampage  .   g - +0 pair of gloves
Will    .....                   (no boots)
Stlth   ++........              (no amulet)
HPRegen 0.12/turn               (no ring)
MPRegen 0.10/turn               (no ring)

@: paralysed
A: demonic guardian 1, demonic touch 1
a: Renounce Religion


You were on level 3 of the Dungeon.
You worshipped Vehumet.
Vehumet was pleased with you.
You visited 1 branch of the dungeon, and saw 3 of its levels.

You collected 73 gold pieces.

Inventory:

Hand Weapons
 d - a +0 hand crossbow
 j - a +0 short sword of venom
 k - a +1 dagger of venom (weapon)
Missiles
 b - an atropa-tipped dart (quivered)
 c - a datura-tipped dart
 e - 34 bolts
Armour
 g - a +0 pair of gloves (worn)
 o - a +0 helmet (worn)
 t - a +2 ring mail of poison resistance (worn)
Magical Staves
 i - a staff of cold
 q - a staff of fire
Wands
 s - a wand of iceblast (5)
Scrolls
 h - a scroll of holy word {unknown}
 m - a scroll of brand weapon {unknown}
 n - a scroll of fear
 r - 2 scrolls of identify {unknown}
Potions
 a - a potion of degeneration {unknown}
 f - a potion of lignification
 l - a potion of curing
 p - a potion of mutation {unknown}
 u - a potion of heal wounds {unknown}
 v - a potion of ambrosia {unknown}


   Skills:
 - Level 1.0 Fighting
 + Level 5.6 Crossbows
 + Level 1.0 Armour
 + Level 1.0 Dodging
 - Level 4.0 Stealth
 - Level 1.0 Spellcasting


You had 5 spell levels left.
You knew the following spells:

 Your Spells              Type           Power      Damage    Failure   Level
a - Foxfire               Conj/Fire      0%         2x1d4     54%         1

Your spell library contained the following spells:

 Spells                   Type           Power      Damage    Failure   Level
 Sandblast                Erth           0%         2d4       54%         1
 Animate Skeleton         Necr           0%         N/A       54%         1
 Pain                     Necr           0%         1d4       54%         1
 Vampiric Draining        Necr           0%         2d6       88%         3


Dungeon Overview and Level Annotations

Branches:
Dungeon (3/15)

Altars:
Ashenzari
Vehumet

Annotations:
D:3 Grinder


Innate Abilities, Weirdness & Mutations

A weak demonic guardian rushes to your aid.
Your touch may inflict minor irresistible damage on your foes.


Message History

The mass of ice explodes!
The iceblast engulfs Grinder!
Grinder partially resists.
Grinder is heavily wounded.
Grinder gestures at you. You resist with significant effort.
Aiming: Iceblast
Press: ? - help, Shift-Dir - straight line, f/p - Grinder
Aim: Grinder (heavily wounded)
The mass of ice explodes!
The iceblast engulfs Grinder.
Grinder partially resists.
Grinder is heavily wounded.
Aiming: Iceblast
Press: ? - help, Shift-Dir - straight line, f/p - Grinder
Aim: Grinder (heavily wounded)
The mass of ice explodes!
The iceblast engulfs Grinder.
Grinder partially resists.
Grinder is severely wounded.
Your +1 dagger of venom begins to drip with poison!
k - a +1 dagger of venom (weapon)
You hit Grinder but do no damage.
Grinder is severely wounded.
Grinder closely misses you.
You hit Grinder but do no damage.
Grinder is poisoned.
You touch Grinder.
Grinder is severely wounded.
Grinder misses you.
You hit Grinder.
Grinder is almost dead.
Grinder gestures at you.
You suddenly lose the ability to move!
Grinder hits you.
You writhe in agony.
Grinder hits you.
A demonic guardian appears!
You writhe in agony.
* * * LOW HITPOINT WARNING * * *
Grinder hits you.
* * * LOW HITPOINT WARNING * * *
Grinder gestures at you.
You shrug off the repeated paralysis!
Your iron imp completely misses Grinder.
Grinder gestures at you. Pain shoots through your body!
You die...

..# .........### ..#
>.........##. #.. ..............
#.####........†....
##...............###
#####................#
#...(.(..$...........#
#.((####..........###
..h.(.##@5.(............# #####
#5...#.?......##..
#....##......##### ############
###†###.###.##.... ##..........##
##.# #[###.#...##
##............###..# #....†..#.##
#..............##.######....##.##
#..............##.#........##....
#...................#####..##..#.


You could see Grinder (poisoned, ally target) and a friendly iron imp
(summoned).

Vanquished Creatures
  A hound (D:3)
  A bullfrog skeleton (D:3)
  Natasha (thrice) (D:3)
  3 adders
  A worm (D:2)
  3 dart slugs
  5 ball pythons
  9 endoplasms
  5 giant cockroaches
  5 hobgoblins
  5 jackals (D:3)
  4 quokkas
  7 bats
  A frilled lizard (D:3)
  6 goblins
  5 kobolds
  5 rats
69 creatures vanquished.

Notes
Turn   | Place    | Note
-------+----------+-------------------------------------------
     0 | D:1      | infinitevox the Demonspawn Wanderer began the quest for the
                  | Orb.
     0 | D:1      | infinitevox set off with the following items: a +0 dagger,
                  | an atropa-tipped dart, a datura-tipped dart, a +0 hand
                  | crossbow, 27 bolts, a potion of lignification, a +0 leather
                  | armour
     0 | D:1      | Reached XP level 1. HP: 15/15 MP: 2/2
    84 | D:1      | Reached skill level 3 in Crossbows
   119 | D:1      | Gained mutation: Your touch may inflict minor irresistible
                  | damage on your foes. [demonic ancestry]
   119 | D:1      | Reached XP level 2. HP: 21/21 MP: 3/3
   715 | D:1      | Found a faded altar of an unknown god.
   718 | D:1      | Prayed at the altar of an unknown god.
   718 | D:1      | Became a worshipper of Vehumet
   718 | D:1      | Reached * piety under Vehumet
   718 | D:1      | Offered knowledge of Foxfire by Vehumet.
   721 | D:1      | Learned a level 1 spell: Foxfire
   837 | D:2      | Found a broken altar of Ashenzari.
  1010 | D:2      | Gained mutation: A weak demonic guardian rushes to your
                  | aid. [demonic ancestry]
  1010 | D:2      | Reached XP level 3. HP: 26/26 MP: 4/4
  1464 | D:2      | Reached skill level 4 in Crossbows
  1847 | D:2      | Reached XP level 4. HP: 32/32 MP: 5/5
  2002 | D:3      | Reached ** piety under Vehumet
  2034 | D:3      | Offered knowledge of Sandblast by Vehumet.
  2053 | D:3      | Noticed Natasha
  2064 | D:3      | Killed Natasha
  2065 | D:3      | Reached XP level 5. HP: 33/37 MP: 6/6
  2108 | D:3      | Reached skill level 1 in Armour
  2121 | D:3      | Reached skill level 5 in Crossbows
  2180 | D:3      | Noticed Natasha
  2182 | D:3      | Killed Natasha
  2290 | D:3      | Noticed Natasha
  2296 | D:3      | Killed Natasha
  2308 | D:3      | Noticed Grinder
  2335 | D:3      | Paralysed by Grinder for 7 turns
  2340 | D:3      | Killed from afar by Grinder

Illustrated notes

Levels and vault maps discovered:
D:1:      matt_arrival_spirals, layout_loops_cross,
          shapermc_ecumenical_altar_hornbeckon, minmay_octomino_e4
D:2:      kennysheep_big_flooded_room, layout_loops_ring, basic_altar,
          kennysheep_small_spiral
D:3:      layout_rooms, uniq_grinder, uniq_natasha, uniq_ijyb

Skill      XL: |  1  2  3  4  5 |
---------------+----------------+-----
Crossbows      | 3 4 5 |  5.6
Stealth        | 4 |  4.0
Armour         | 1 |  1.0
Fighting       | |  1.0
Dodging        | |  1.0
Spellcasting   | |  1.0

Action                   |  1- 3 |  4- 6 || total
-------------------------+-------+-------++-------
Melee: Dagger            |     7 |    11 ||    18
       Touch             |     2 |     2 ||     4
 Fire: Hand crossbow     |    72 |    64 ||   136
Evoke: Wand              |       |     3 ||     3
  Use: Scroll            |       |     3 ||     3
       Potion            |       |     1 ||     1
Armor: Ring mail         |       |     7 ||     7
Dodge: Dodged            |     2 |    10 ||    12
